 Dungeon Crawl Stone Soup version 0.28-a0-1555-g9ae15a6949 (webtiles) character file.

Game seed: 365690539303720261

203 mordus the Slasher (level 6, -5/47 HPs)
             Began as a Formicid Abyssal Knight on Jan 18, 2022.
             Was a Believer of Lugonu.
             Slain by a gnoll (8 damage)
             ... on level 2 of the Dungeon.
             The game lasted 00:04:52 (1523 turns).

mordus the Slasher (Formicid Abyssal Knight)        Turns: 1523, Time: 00:04:53

Health: -5/47      AC:  9    Str: 20    XL:     6   Next: 8%
Magic:  7/7        EV:  7    Int:  9    God:    Lugonu [**....]
Gold:   91         SH:  0    Dex: 11    Spells: 5/5 levels left

rFire   . . .      SeeInvis +   a - +1 falchion
rCold   . . .      Faith    .   (no shield)
rNeg    . . .      Spirit   .   g - +0 chain mail
rPois   .          Reflect  .   (helmet unavailable)
rElec   .          Harm     .   (no cloak)
rCorr   .          Rampage  .   (no gloves)
Will    .....                   (no boots)
Stlth   ..........              (no amulet)
HPRegen 0.15/turn               (no ring)
MPRegen 0.10/turn               (no ring)

@: no status effects
A: permanent stasis, dig shafts and tunnels, antennae 3, four strong arms
a: Dig, Shaft Self, Renounce Religion, Depart the Abyss, Bend Space


You were on level 2 of the Dungeon.
You worshipped Lugonu.
Lugonu was pleased with you.
You visited 1 branch of the dungeon, and saw 2 of its levels.
You visited the Abyss 1 time.

You collected 91 gold pieces.

Inventory:

Hand Weapons
 a - a +1 falchion (weapon)
 j - a +0 dagger of flaming
Armour
 g - a +0 chain mail (worn)
Scrolls
 b - a scroll of identify
 i - 2 scrolls of noise {unknown}
 k - a scroll of fog {unknown}
 l - a scroll of blinking {unknown}
Potions
 c - a potion of ambrosia
 d - a potion of attraction {unknown}
 e - a potion of magic {unknown}
 f - 2 potions of cancellation
 h - a potion of mutation {unknown}


   Skills:
 - Level 3.2 Fighting
 * Level 4.9 Long Blades
 + Level 4.0 Armour
 - Level 0.8 Dodging
 - Level 2.1 Invocations


You had 5 spell levels left.
You didn't know any spells.
Your spell library contained the following spells:

 Spells                   Type           Power      Damage    Failure   Level
 Manifold Assault         Tloc           0%         N/A       100%        5
 Storm Form               Tmut/Air       0%         N/A       100%        7
 Blink                    Tloc           Unusable   N/A       N/A         2

Dungeon Overview and Level Annotations

Branches:
Dungeon (2/15)

Altars:


Innate Abilities, Weirdness & Mutations

You cannot be hasted, slowed, berserked, paralysed or teleported.
You can dig through walls and to a lower floor.
You have a pair of large antennae on your head. (SInv)
Your four strong arms can wield two-handed weapons with a shield.


Message History

You hit the gnoll.
The gnoll is heavily wounded.
The gnoll hits you with a +0 flail.
You hit the gnoll.
The gnoll is almost dead.
The gnoll hits you but does no damage. The gnoll hits you with a +0 flail. x2
You hit the gnoll.
You kill the gnoll!
Lugonu accepts your kill. The gnoll barely misses you.
The gnoll closely misses you.
The gnoll hits you from afar with a +0 halberd.
You have reached level 6!
You slash the gnoll!
The gnoll is severely wounded.
The gnoll hits you but does no damage.
You slash the gnoll!
You kill the gnoll!
Lugonu accepts your kill. The gnoll closely misses you.
You hit the gnoll.
The gnoll is lightly wounded.
The gnoll hits you with a +0 halberd.
You completely miss the gnoll.
The gnoll is lightly wounded.
The gnoll closely misses you.
You hit the gnoll.
The gnoll is lightly wounded.
The gnoll hits you with a +0 halberd!
You closely miss the gnoll.
The gnoll is lightly wounded.
The gnoll hits you with a +0 halberd.
* * * LOW HITPOINT WARNING * * *
You hit the gnoll.
The gnoll is heavily wounded.
The gnoll hits you with a +0 halberd!
* * * LOW HITPOINT WARNING * * *
You closely miss the gnoll.
The gnoll is heavily wounded.
The gnoll hits you with a +0 halberd!
You die...

........... #.# .#......... ....
#.# ..)........ ...... #.#
........... #..... #.#
........... .....#### #..
..#g.###### ........# ### ..#..#
#.....#
..#..##############.....#########
...............g@................
..#..##############.....###.#####
#.#..# ##..### #.# #.#..# ##(##
#.#
#.#..################..####.#####
#............)..............)....
#........)############..###.#####
.....####.#..<<......#...........
###### ##.##.#######.#..###.#####


You could see a gnoll.

Vanquished Creatures
  Sigmund (D:2)
  An adder (D:2)
  2 gnolls (D:2)
  A worm (D:2)
  3 endoplasms (D:1)
  A giant cockroach (D:1)
  A goblin (D:2)
  3 hobgoblins (D:1)
  2 jackals (D:2)
  3 kobolds
  A quokka (D:2)
  2 ball pythons (D:1)
  3 frilled lizards
  A rat (D:1)
25 creatures vanquished.

Notes
Turn   | Place    | Note
-------+----------+-------------------------------------------
     0 | Abyss:1  | mordus the Formicid Abyssal Knight began the quest for the
                  | Orb.
     0 | Abyss:1  | Reached XP level 1. HP: 18/18 MP: 2/2
    36 | D:1      | Escaped the Abyss
   228 | D:1      | Found a faded altar of an unknown god.
   248 | D:1      | Reached XP level 2. HP: 22/24 MP: 3/3
   884 | D:2      | Noticed Sigmund
   910 | D:2      | Killed Sigmund
   911 | D:2      | Reached XP level 3. HP: 14/29 MP: 4/4
   911 | D:2      | Reached XP level 4. HP: 17/35 MP: 5/5
   911 | D:2      | Reached XP level 5. HP: 20/41 MP: 6/6
  1118 | D:2      | Reached ** piety under Lugonu
  1498 | D:2      | Reached XP level 6. HP: 26/47 MP: 7/7
  1523 | D:2      | Slain by a gnoll

Illustrated notes

Levels and vault maps discovered:
D:1:      dpeg_arrival_arbitrary_c, layout_loops_cross,
          ebering_ecumenical_altar_petrified
D:2:      layout_basic, uniq_crazy_yiuf_cottage, uniq_sigmund

Skill      XL: |  1  2  3  4  5 |
---------------+----------------+-----
Long Blades    | 4 |  4.9
Armour         | 3 4 |  4.0
Fighting       | |  3.2
Dodging        | |  0.8
Invocations    | |  2.1

Action                   |  1- 3 |  4- 6 || total
-------------------------+-------+-------++-------
Melee: Falchion          |    53 |    38 ||    91
       Punch             |       |     1 ||     1
  Use: Scroll            |     1 |       ||     1
       Potion            |     1 |       ||     1
Armor: Scale mail        |    14 |       ||    14
       Chain mail        |     2 |    19 ||    21
Dodge: Dodged            |    25 |    16 ||    41

Table legend: (Time is in decaauts)
 A = Elapsed time spent in this place.
 B = Non-inter-level travel time spent in this place.
 C = Inter-level travel time spent in this place.
 D = Time resting spent in this place.
 E = Time spent auto-exploring this place.
 F = Levels seen in this place.
 G = Mean time per level.
                   A        B        C        D        E       F      G
               +--------+--------+--------+--------+--------+-----+--------+
         Total |   1534 |   1514 |     20 |    315 |    847 |   3 |  511.3 |
       Dungeon |   1498 |   1478 |     20 |    315 |    841 |   2 |  749.0 |
         Abyss |     36 |     36 |      0 |      0 |      6 |   1 |   36.0 |
               +--------+--------+--------+--------+--------+-----+--------+

Top non-repeatable levels by time:
     D:1: 849 daAuts
     D:2: 648 daAuts
 Abyss:1: 36 daAuts
